 Dungeon Crawl Stone Soup version 0.25-a0-317-g5f8687bca5 (webtiles) character file.

Game seed: 11283360170623193775, levelgen mode: deterministic

486 Nixze the Conjurer (level 6, -4/45 HPs)
             Began as a Draconian Conjurer on Dec 27, 2019.
             Was an Initiate of Fedhas.
             Slain by an ogre
             ... wielding a cursed +0 giant club
              (23 damage)
             ... on level 5 of the Dungeon.
             The game lasted 00:11:36 (6420 turns).

Nixze the Conjurer (Draconian Conjurer)             Turns: 6420, Time: 00:11:37

Health: -4/45      AC:  8    Str: 11    XL:     6   Next: 89%
Magic:  5/11       EV: 13    Int: 17    God:    Fedhas [......]
Gold:   190        SH:  0    Dex: 11    Spells: 5/12 levels left

rFire    . . .     SeeInvis .   t - +2 dagger (drain)
rCold    . . .     Gourm    .   (no shield)
rNeg     . . .     Faith    .   (armour unavailable)
rPois    .         Spirit   .   (helmet restricted)
rElec    .         Reflect  .   c - +1 cloak
rCorr    +         Harm     .   (no gloves)
MR       .....                  (no boots)
Stlth    ++........             (no amulet)
HPRegen  0.15/turn              j - ring of resist corrosion
MPRegen  0.12/turn              (no ring)

@: lightly drained
A: unfitting armour, cold-blooded, AC +6
a: Renounce Religion


You were on level 5 of the Dungeon.
You worshipped Fedhas.
Fedhas was noncommittal.
You were not hungry.

You visited 1 branch of the dungeon, and saw 5 of its levels.

You collected 190 gold pieces.

Inventory:

Hand Weapons
 f - a +0 spear of flaming
 t - a +2 dagger of draining (weapon)
Armour
 c - a +1 cloak (worn)
Jewellery
 j - a ring of resist corrosion (left hand)
Wands
 p - a wand of polymorph (8)
Scrolls
 a - 3 scrolls of remove curse {unknown}
 d - a scroll of amnesia
 e - a scroll of random uselessness {unknown}
 g - 7 scrolls of enchant armour
 h - a scroll of blinking {unknown}
 i - a scroll of enchant weapon {unknown}
 m - a scroll of magic mapping {unknown}
 n - 3 scrolls of fear
 o - a scroll of identify
 s - 2 scrolls of teleportation {unknown}
Potions
 k - 2 potions of brilliance
 l - 2 potions of flight
 q - a potion of curing {unknown}
 r - 2 potions of agility {unknown}
Comestibles
 b - 7 rations


   Skills:
 + Level 3.8(3.3) Dodging
 - Level 1.7(1.3) Stealth
 + Level 3.8(3.3) Spellcasting
 + Level 5.4(4.9) Conjurations
 * Level 3.1(2.6) Translocations


You had 5 spell levels left.
You knew the following spells:

 Your Spells              Type           Power        Failure   Level  Hunger
a - Magic Dart            Conj           ###.         2%          1    None
b - Searing Ray           Conj           ###...       3%          2    ##.....
c - Iskenderun's Mystic   Conj/Tloc      ###.....     34%         4    ####...

Your spell library contained the following spells:

 Spells                   Type           Power        Failure   Level  Hunger
 Animate Skeleton         Necr           N/A          17%         1    None
 Pain                     Necr           #...         17%         1    None
 Dazzling Flash           Conj/Hex       ##....       19%         3    ###....
 Regeneration             Chrm/Necr      #.........   45%         3    ###....
 Vampiric Draining        Necr           #.........   45%         3    ###....
 Fulminant Prism          Conj/Hex       ##........   52%         4    ####...
 Animate Dead             Necr           N/A          86%         4    ####...


Dungeon Overview and Level Annotations

Branches:
Dungeon (5/15)
 Temple: D:4-7

Altars:
Fedhas
Gozag
Hepliaklqana


Innate Abilities, Weirdness & Mutations

Your plain brown scales are hard. (AC +6)
You cannot fit into any form of body armour.
You are cold-blooded and may be slowed by cold attacks.


Message History

Aim: an ogre, wielding a +0 giant club (lightly wounded)
The magic dart hits the ogre but does no damage.
The ogre is lightly wounded.
The ogre hits you with a cursed +0 giant club!
Casting: Magic Dart (safe; 2% risk of failure)
Confirm with . or Enter, or press ? or * to list all spells.
Aiming: Searing Ray (safe; 3% risk of failure)
Press: ? - help, Shift-Dir - straight line, f/p - ogre
Aim: an ogre, wielding a +0 giant club (lightly wounded)
The searing ray hits the ogre.
The ogre is heavily wounded. (Press . to maintain the ray.)
The searing ray misses the ogre.
The ogre hits you with a cursed +0 giant club!
The searing ray hits the ogre.
The ogre is severely wounded.
The ogre hits you with a cursed +0 giant club!!
Ouch! That really hurt!
You die...
Fedhas appreciates your contribution to the ecosystem.

.# ## .# ... # #.#
....#. .. .#
......##.##..... .. ...
............# #.##. #...
#.# ##....#..# #O#
#....#..# #@# #..#.#.#
#.# #..#...# ## #.#
#.#...####< #.#
##.....##...
#######.#####...........
#...............#####.##
..#####.###.....# #>#
###..........#.# #.#
#........##..#.# #.#


You could see an ogre.

Vanquished Creatures
  A sky beast (D:5)
  A big kobold (D:4)
  Jessica (D:3)
  An orc wizard (D:2)
  3 worker ants
  4 gnolls (D:4)
  6 adders
  A howler monkey skeleton (D:4)
  An ooze (D:2)
  An adder zombie (D:5)
  A dart slug (D:5)
  2 leopard geckos
  10 orcs
  A ball python (D:5)
  4 giant cockroaches
  6 goblins
  8 hobgoblins
  2 jackals (D:2)
  15 kobolds
  2 quokkas
  8 bats
  6 frilled lizards
  A leopard gecko skeleton (D:5)
  6 rats
92 creatures vanquished.

Notes
Turn   | Place    | Note
-------+----------+-------------------------------------------
     0 | D:1      | Nixze the Draconian Conjurer began the quest for the Orb.
     0 | D:1      | Reached XP level 1. HP: 14/14 MP: 3/3
   459 | D:1      | Reached XP level 2. HP: 20/20 MP: 0/5
   853 | D:1      | You fall into a shaft and drop 1 floor!
  1004 | D:2      | Reached XP level 3. HP: 26/26 MP: 0/6
  1844 | D:2      | Learned a level 2 spell: Searing Ray
  2423 | D:2      | Reached XP level 4. HP: 2/33 MP: 0/8
  3050 | D:3      | Found an opulent altar of Gozag.
  3061 | D:3      | Found a hazy altar of Hepliaklqana.
  3392 | D:3      | Noticed Jessica
  3397 | D:3      | Killed Jessica
  3494 | D:4      | Learned a level 4 spell: Iskenderun's Mystic Blast
  3557 | D:4      | Reached XP level 5. HP: 29/38 MP: 1/9
  3782 | D:4      | Reached skill level 1 in Translocations
  3785 | D:4      | Reached skill level 5 in Conjurations
  4350 | D:4      | Reached XP level 6. HP: 26/45 MP: 3/11
  5107 | D:4      | Found a blossoming altar of Fedhas.
  5407 | D:4      | Became a worshipper of Fedhas Madash
  5607 | D:5      | Entered Level 5 of the Dungeon
  5720 | D:5      | Noticed a sky beast
  5837 | D:5      | Noticed an ice beast
  6242 | D:5      | Killed a sky beast
  6420 | D:5      | Slain by an ogre

Levels and vault maps discovered:
D:1:      dpeg_arrival_round_c, layout_basic, serial_bayou_lagoon_a
D:2:      layout_loops_cross, first_ration
D:3:      layout_loops_cross, old_standard_altar, lemuel_round_altar,
          kennysheep_jessica_study
D:4:      cheibrodos_thug_alley, layout_basic, kennysheep_mini_moat
D:5:      layout_rooms, gammafunk_temple_overflow_elements

Skill      XL: |  1  2  3  4  5  6 |
---------------+-------------------+-----
Dodging        | 2 3 |  3.8
Spellcasting   | 3 |  3.8
Translocations | 2 3 |  3.1
Conjurations   | 5 |  5.4
Stealth        | |  1.7

Action                   |  1- 3 |  4- 6 || total
-------------------------+-------+-------++-------
Melee: Unarmed           |    11 |       ||    11
       Short sword       |     5 |       ||     5
       Tailslap          |     4 |       ||     4
       Spear             |    15 |    43 ||    58
       Dagger            |       |     6 ||     6
 Cast: Magic Dart        |    93 |   122 ||   215
       Searing Ray       |       |     7 ||     7
  Use: Scroll            |       |     5 ||     5
  Eat: Chunk             |     5 |    14 ||    19
Armor: Skin              |    19 |    32 ||    51
Dodge: Dodged            |    38 |    61 ||    99

Table legend:
 A = Non-vault XP
 B = Vault XP
 C = Vault XP percentage of total XP
 D = Non-vault monster count
 E = Vault monster count
 F = Vault count percentage of total count
                 A         B        C        D         E       F
            +---------+---------+-------+---------+---------+-------
      Total |     542 |     153 |  22.0 |      80 |      12 |  13.0
            +---------+---------+-------+---------+---------+-------
        D:1 |      30 |       0 |   0.0 |      21 |       0 |   0.0
        D:2 |     100 |       0 |   0.0 |      23 |       0 |   0.0
        D:3 |      18 |      39 |  68.4 |       8 |       2 |  20.0
        D:4 |     201 |     114 |  36.2 |      20 |      10 |  33.3
        D:5 |     193 |       0 |   0.0 |       8 |       0 |   0.0
            +---------+---------+-------+---------+---------+-------
